 Dungeon Crawl Stone Soup version 0.16.1-2-g95b8d4c (webtiles) character file.

273 inmateoo the Sneak (level 6, -8/30 HPs)
             Began as a Spriggan Artificer on Mar 25, 2015.
             Was a Believer of Zin.
             Mangled by a mummy (14 damage)
             ... in an ossuary.
             The game lasted 00:07:36 (4771 turns).

inmateoo the Sneak (Spriggan Artificer)             Turns: 4771, Time: 00:07:36

Health: -8/30      AC:  3    Str:  7    XL:     6   Next: 3%
Magic:  17/17      EV: 20    Int: 13    God:    Zin [**....]
Gold:   167        SH:  0    Dex: 19    Spells: 0 memorised, 5 levels left

rFire  . . .     SeeInvis +     w - +1 dagger (venom)
rCold  . . .     Clarity  .     e - +1 robe
rNeg   . . .     SustAb   .     (shield restricted)
rPois  +         Gourm    .     (helmet restricted)
rElec  .         Spirit   .     (no cloak)
rCorr  .         Warding  .     (gloves unavailable)
rMut   .         Stasis   .     (boots unavailable)
MR     ++...                    (no amulet)
Stlth  ++++......               z - ring of protection from magic
                                y - ring of poison resistance

@: very quick, very resistant to hostile enchantments, stealthy
A: unfitting armour, see invisible, herbivore 3, speed 3, slow metabolism 2
a: Recite, Vitalisation, Renounce Religion


You were in an ossuary.
You worshipped Zin.
Zin was pleased with you.
You were very hungry.

You visited 1 branch of the dungeon, and saw 4 of its levels.
You also visited: Sewer and Ossuary.

You collected 185 gold pieces.
You donated 18 gold pieces to Zin.

Inventory:

Hand weapons
 a - a +0 short sword
 w - a +1 dagger of venom (weapon)
Armour
 e - a +1 robe (worn)
Jewellery
 y - a ring of poison resistance (left hand)
 z - a ring of protection from magic (right hand)
Magical devices
 b - a wand of flame (0)
 c - a wand of enslavement (5)
Scrolls
 j - a scroll of enchant armour
 k - 3 scrolls of amnesia
 l - 2 scrolls of remove curse
 m - a scroll of blinking
 q - 2 scrolls of teleportation
Potions
 g - a potion of lignification
 h - 2 potions of poison {unknown}
 i - 5 potions of curing
 n - a potion of heal wounds
 o - 3 potions of brilliance {unknown}
 p - 4 potions of might {unknown}
 r - a potion of invisibility {unknown}
 s - a potion of cancellation {unknown}
 t - 2 potions of restore abilities {unknown}
 u - 2 potions of magic {unknown}
 v - a potion of agility
 x - a potion of flight
Comestibles
 d - a fruit
 f - 3 bread rations


   Skills:
 + Level 1.6 Fighting
 * Level 3.5 Short Blades
 + Level 4.0 Dodging
 * Level 5.4 Stealth
 * Level 5.4 Evocations


You had 5 spell levels left.
You didn't know any spells.

Dungeon Overview and Level Annotations

Branches:
Dungeon (4/15)
 Temple: D:4-7

Altars:
Fedhas
Makhleb
Okawaru
Zin

Annotations:
D:4 wojtek's ghost, average KoAs


Innate Abilities, Weirdness & Mutations

You are tiny and cannot use many weapons and most armour.
You have supernaturally acute eyesight.
You are a herbivore.
You cover ground extremely quickly.
You need consume almost no food.


Message History

The gnoll zombie closely misses you.
The gnoll zombie hits you but does no damage.
You hit the gnoll zombie. The gnoll zombie completely misses you.
You hit the gnoll zombie. The gnoll zombie misses you.
The gnoll zombie misses you.
You hit the gnoll zombie. The gnoll zombie misses you.
You hear a distant blaring wail to the east.
The mummy misses you. The mummy closely misses you.
The gnoll zombie completely misses you. The mummy misses you.
The mummy hits you!
You hit the mummy.
The mummy is severely damaged.
The mummy hits you!
* * * LOW HITPOINT WARNING * * *
The mummy hits you but does no damage.
You hit the mummy but do no damage. The mummy misses you.
The mummy barely misses you.
Unknown command.
The mummy hits you!
You die...

##..... ......##
##......####......##
#......##..##......#
#.....##....##.....#
#..................#
#................#
#..............##
#'##........##Z#
##.@##......##..##
##.MM.##....##....##
##....M.#....#..MMZ.##
#....M.M#....#...Z.M.#
#$..MZM.#....#.MZ.?..#
#.$.....#....#...MM$.#
##$..M..#....#...M!$##
#.....##....##...$$#
##....##....##....##


You could see 8 mummies and a gnoll zombie.

Vanquished Creatures
  A big kobold (Sewer)
  Ijyb (D:4)
  A worker ant zombie (D:3)
  5 adders
  A river rat (Sewer)
  2 worms
  A giant mite (D:3)
  3 adder zombies (D:2)
  2 adder skeletons (D:2)
  An ooze (D:1)
  12 bats
  2 bat zombies (D:2)
  5 giant cockroaches
  4 goblins
  7 hobgoblins
  4 jackals
  A quokka (D:2)
  8 giant geckos
  3 giant newts
  A hobgoblin zombie (Ossuary)
  A jackal skeleton (D:2)
  10 kobolds
  A kobold zombie (Ossuary)
  3 orc zombies (Ossuary)
  2 quokka zombies (D:2)
  9 rats
91 creatures vanquished.

Vanquished Creatures (collateral kills)
  2 kobolds (Sewer)
  A rat (Sewer)
3 creatures vanquished.

Vanquished Creatures (others)
  A river rat (Sewer)
  A giant gecko (D:3)
  A giant cockroach (D:3)
3 creatures vanquished.

Grand Total: 97 creatures vanquished

Notes
Turn   | Place    | Note
--------------------------------------------------------------
     0 | D:1      | inmateoo, the Spriggan Artificer, began the quest for the Orb.
     0 | D:1      | Reached XP level 1. HP: 9/9 MP: 2/2
   320 | D:1      | Reached XP level 2. HP: 9/14 MP: 5/5
  1639 | D:2      | Reached XP level 3. HP: 17/17 MP: 8/8
  1643 | D:2      | Reached skill level 1 in Fighting
  1692 | D:2      | Found a blossoming altar of Fedhas.
  2026 | D:2      | Found an iron altar of Okawaru.
  2306 | D:2      | Reached XP level 4. HP: 14/22 MP: 11/11
  3604 | D:3      | Reached XP level 5. HP: 20/25 MP: 14/14
  3648 | D:3      | Found a burning altar of Makhleb.
  3650 | D:3      | Found a glowing silver altar of Zin.
  3650 | D:3      | Noticed an angel
  3651 | D:3      | Noticed a green death
  3655 | D:3      | Became a worshipper of Zin the Law-Giver
  3788 | D:3      | Found a glowing drain.
  3823 | Sewer    | Entered a sewer
  4078 | Sewer    | Reached skill level 5 in Stealth
  4078 | Sewer    | Reached skill level 5 in Evocations
  4169 | Sewer    | Found a white marble altar of Elyvilon.
  4492 | D:4      | Noticed Ijyb
  4508 | D:4      | Killed Ijyb
  4534 | D:4      | Reached XP level 6. HP: 30/30 MP: 17/17
  4540 | D:4      | Found a sand-covered staircase.
  4540 | D:4      | Noticed wojtek's ghost (average KoAs)
  4557 | Ossuary  | Entered an ossuary
  4654 | Ossuary  | Acquired Zin's first power
  4737 | Ossuary  | Acquired Zin's second power
  4771 | Ossuary  | Mangled by a mummy

Action                   |  1- 3 |  4- 6 || total
-------------------------+-------+-------++-------
Melee: Short sword       |   162 |   182 ||   344
       Dagger            |       |    67 ||    67
Evoke: Wand              |     8 |    17 ||    25
  Use: Scroll            |       |    14 ||    14
 Stab: Sleeping          |     4 |     6 ||    10
       Distracted        |     1 |     1 ||     2
  Eat: Fruit             |       |     1 ||     1
